Map: Pillars of Gold LE

Players

lllllllllll (sOs)

  • Race: Protoss Protoss
  • League: Grandmaster
  • Spawn Location: 1:00

Trap - Winner!

  • Race: Protoss Protoss
  • Spawn Location: 7:00

Event: War Chest Team League

VOD

Have the link to the VOD?

Description

Time

  • Played on: Aug. 9, 2020, 10:47 a.m.
  • Length: 11:06
Show
View Real Time Build Order
Export as new Build Order

lllllllllll Protoss 

Build Orders: Oracle Opening 

Get SALT Encoding   

  12  0:00  Probe  
  13  0:12  Probe  
  14  0:19  Pylon  
  14  0:24  Probe (Chrono Boost)  
  15  0:39  Gateway, Probe (Chrono Boost)  
  16  0:44  Probe (Chrono Boost)  
  17  0:51  Assimilator  
  17  0:54  Probe  
  18  1:06  Probe  
  19  1:18  Probe  
  20  1:27  Cybernetics Core  
  20  1:30  Pylon, Probe  
  21  1:32  Assimilator  
  21  1:34  Pylon  
  21  1:42  Probe  
  22  1:48  Zealot (Chrono Boost)  
  24  1:54  Probe  
  25  2:03  Warp Gate  
  25  2:06  Probe  
  26  2:11  Stalker (Chrono Boost)  
  28  2:18  Probe  
  29  2:23  Cybernetics Core  
  29  2:30  Pylon  
  29  2:34  Probe  
  29  2:40  Adept  
  31  2:46  Stargate  
  31  2:49  Probe  
  32  3:03  Nexus  
  32  3:15  Probe  
  32  3:17  Shield Battery  
  33  3:26  Oracle (Chrono Boost)  
  33  3:30  Probe  
  37  3:42  Probe  
  37  3:44  Gateway  
  38  3:54  Probe  
  37  4:02  Twilight Council  
  37  4:07  Gateway  
  37  4:08  Probe  
  38  4:14  Oracle, Shield Battery  
  41  4:17  Probe  
  41  4:21  Sentry  
  44  4:29  Probe (Chrono Boost)  
  44  4:30  Probe (Chrono Boost)  
  46  4:33  Blink (Chrono Boost)  
  46  4:40  Probe x2 (Chrono Boost)  
  48  4:47  Probe x2  
  48  4:48  Stalker  
  48  4:51  Pylon  
  52  4:59  Probe x2  
  54  5:15  Stalker x3  
  60  5:23  Probe x2  
  59  5:29  Pylon  
  59  5:30  Assimilator  
  59  5:35  Probe x2  
  58  5:36  Assimilator  
  58  5:40  Shield Battery  
  58  5:42  Stalker x2  
  58  5:49  Stalker  
  64  5:51  Probe x2  
  64  5:54  Shield Battery  
  66  6:05  Pylon, Probe x2  
  68  6:16  Stalker  
  70  6:23  Stalker, Forge, Probe  
  70  6:24  Stalker  
  75  6:27  Charge  
  75  6:36  Probe  
  75  6:37  Probe  
  77  6:47  Pylon  
  77  6:50  Probe  
  77  6:52  Pylon  
  77  6:54  Protoss Ground Weapons Level 1 (Chrono Boost)  
  78  7:02  Gateway  
  78  7:06  Gateway  
  78  7:12  Zealot x3  
  85  7:17  Templar Archives  
  83  7:25  Probe x2  
  81  7:38  Zealot x2  
  81  7:39  Probe x2  
  86  7:49  Gateway  
  86  7:51  Gateway  
  86  7:54  Probe  
  86  7:56  Nexus  
  87  7:59  High Templar x2  
  87  8:01  High Templar  
  92  8:06  Zealot  
  92  8:09  Probe (Chrono Boost)  
  92  8:12  Probe (Chrono Boost)  
  90  8:18  High Templar, Archon  
  90  8:20  Probe (Chrono Boost)  
  90  8:21  Probe (Chrono Boost)  
  91  8:27  Pylon  
  91  8:29  Probe x2  
  91  8:33  Archon  
  91  8:46  High Templar x4  
  91  8:47  Zealot  
  101  8:51  Pylon, Archon x2  
  101  8:57  Probe  
  102  9:05  Pylon  
  102  9:08  Probe  
  102  9:09  Probe  
  104  9:23  Zealot x7  
  86  9:41  Probe x2  
  86  9:51  Stalker x6  
  88  9:53  Probe x2  
  88  9:57  Stalker  
  69  10:14  Stalker x4  
  72  10:16  Probe x3  
  77  10:28  Probe x3  
  80  10:36  High Templar x2  
  80  10:37  Zealot x2  
  80  10:42  Assimilator, Archon  
  88  10:44  Probe x2  
  88  10:46  Assimilator  
  88  10:47  Zealot  
  88  10:49  Zealot  
Show
View Real Time Build Order
Export as new Build Order

Trap Protoss - Winner!

Build Orders:  

Get SALT Encoding   

  12  0:00  Probe  
  13  0:12  Probe  
  14  0:19  Pylon  
  14  0:24  Probe  
  15  0:37  Probe (Chrono Boost)  
  15  0:41  Gateway  
  16  0:47  Probe (Chrono Boost)  
  16  0:48  Assimilator  
  17  0:52  Probe (Chrono Boost)  
  18  1:03  Probe  
  19  1:15  Probe  
  20  1:24  Pylon  
  20  1:27  Probe (Chrono Boost)  
  20  1:29  Cybernetics Core  
  20  1:32  Pylon  
  21  1:39  Probe (Chrono Boost)  
  22  1:42  Zealot (Chrono Boost)  
  22  1:44  Assimilator, Probe (Chrono Boost)  
  25  1:56  Probe  
  26  2:06  Stalker (Chrono Boost)  
  26  2:07  Warp Gate  
  27  2:08  Probe  
  29  2:20  Probe  
  29  2:21  Cybernetics Core  
  30  2:32  Probe  
  30  2:36  Pylon  
  30  2:53  Probe  
  30  2:55  Sentry  
  33  3:00  Nexus  
  33  3:03  Robotics Facility  
  33  3:08  Probe  
  34  3:16  Gateway  
  34  3:21  Sentry, Probe  
  37  3:27  Pylon  
  37  3:33  Probe  
  38  3:46  Probe  
  37  3:58  Probe  
  37  4:02  Forge  
  38  4:08  Warp Prism (Chrono Boost)  
  38  4:10  Probe  
  38  4:14  Sentry x2  
  38  4:16  Probe  
  46  4:22  Probe  
  42  4:28  Probe  
  42  4:34  Probe  
  41  4:40  Shield Battery, Probe  
  42  4:48  Adept x2  
  42  4:51  Observer  
  47  4:53  Probe x2 (Chrono Boost)  
  49  5:03  Probe x2 (Chrono Boost)  
  51  5:08  Stalker  
  51  5:09  Stalker, Probe  
  51  5:12  Probe  
  53  5:22  Probe  
  53  5:24  Probe  
  55  5:35  Probe  
  56  5:36  Probe  
  56  5:37  Stalker x2  
  61  5:43  Pylon x2  
  61  5:48  Twilight Council  
  61  5:53  Probe  
  62  5:57  Assimilator  
  62  5:58  Assimilator  
  62  6:00  Protoss Ground Weapons Level 1  
  62  6:01  Probe  
  63  6:05  Probe  
  64  6:13  Probe  
  64  6:17  Immortal (Chrono Boost)  
  65  6:21  Pylon, Probe  
  70  6:27  Probe  
  70  6:30  Blink (Chrono Boost)  
  71  6:33  Probe  
  71  6:36  Pylon  
  72  6:40  Probe  
  72  6:43  Stalker  
  72  6:45  Stalker, Probe  
  78  6:53  Pylon  
  78  6:58  Immortal (Chrono Boost)  
  82  7:03  Pylon  
  82  7:15  Gateway  
  82  7:16  Gateway  
  82  7:29  Immortal (Chrono Boost)  
  86  7:42  Robotics Bay  
  86  7:44  Gateway  
  86  7:47  Gateway, Adept x2  
  90  7:57  Pylon  
  82  8:25  Pylon  
  86  8:29  Disruptor (Chrono Boost)  
  85  8:34  Robotics Facility  
  85  8:48  Stalker x5  
  91  8:49  Stalker  
  91  8:53  Nexus  
  91  8:54  Pylon  
  97  8:59  Disruptor (Chrono Boost)  
  97  9:01  Pylon  
  100  9:14  Shield Battery  
  100  9:19  Disruptor (Chrono Boost)  
  100  9:20  Adept x2  
  100  9:23  Shield Battery  
  102  9:31  Disruptor (Chrono Boost)  
  102  9:34  Stalker x2  
  102  9:35  Stalker  
  100  9:40  Stalker  
  99  9:48  Adept x2  
  99  9:50  Disruptor (Chrono Boost)  
  101  9:58  Disruptor (Chrono Boost)  
  100  10:08  Stalker x2  
  104  10:20  Stalker x2  
  101  10:25  Stalker  
  103  10:48  Stalker x4  
Tags
 
Add a new tag
Caveats
  • Supply blocks, unpowered buildings, or Contaminate may cause inaccurate times.
  • Supply counts are checked every 10 seconds.